 Dungeon Crawl Stone Soup version 0.23-a0-359-g9beedce (webtiles) character file.

3769 galech the Shield-Bearer (level 9, -9/68 HPs)
             Began as a Demonspawn Fighter on Oct 23, 2018.
             Was a Believer of Okawaru.
             Mangled by nikopol's ghost (16 damage)
             ... on level 5 of the Dungeon.
             The game lasted 00:11:10 (8043 turns).

galech the Shield-Bearer (Demonspawn Fighter)       Turns: 8043, Time: 00:11:10

Health: -9/68      AC: 13    Str: 17    XL:     9   Next: 94%
Magic:  7/9        EV: 16    Int: 10    God:    Okawaru [**....]
Gold:   421        SH: 14    Dex: 15    Spells: 8/8 levels left

rFire    . . .     SeeInvis .   k - +9 club
rCold    + . .     Gourm    .   t - +2 shield
rNeg     . . .     Faith    .   y - +1 ring mail {rC+}
rPois    .         Spirit   .   l - +0 helmet
rElec    .         Reflect  .   (no cloak)
rCorr    .         Harm     .   (no gloves)
MR       +....                  (no boots)
Stlth    +++.......             (no amulet)
HPRegen  0.21/turn              A - ring of protection from magic
MPRegen  0.11/turn              (no ring)

@: heroism
A: claws 1, icy blue scales 2, powered by death 1, powered by pain 1
a: Heroism, Renounce Religion


You were on level 5 of the Dungeon.
You worshipped Okawaru.
Okawaru was pleased with you.
You were not hungry.

You visited 2 branches of the dungeon, and saw 9 of its levels.

You collected 421 gold pieces.

Inventory:

Hand Weapons
 a - a +0 war axe
 k - a +9 club (weapon)
 u - the +2 flail "Colithys" {crush, rF+}
   (You found it on level 4 of the Dungeon)

   It inflicts extra damage upon your enemies.
   It protects you from fire.
Armour
 b - a +0 scale mail
 l - a +0 helmet (worn)
 t - a +2 shield (worn)
 y - a +1 ring mail of cold resistance (worn)
Jewellery
 A - a ring of protection from magic (left claw)
 C - a cursed -2 ring of evasion {unknown}
Wands
 n - a wand of paralysis (12)
 s - a wand of random effects (22)
 v - a wand of polymorph (14)
Scrolls
 c - 2 scrolls of fear
 g - 2 scrolls of identify
 j - a scroll of remove curse
 r - 3 scrolls of amnesia
 B - a scroll of immolation {unknown}
Potions
 d - 2 potions of might
 e - a potion of haste
 h - 3 potions of lignification
 i - 2 potions of degeneration
 m - a potion of agility
 o - a potion of brilliance
 q - a potion of cancellation
 w - a potion of resistance {unknown}
 x - 2 potions of magic
 z - 2 potions of flight {unknown}
Comestibles
 f - 8 rations


   Skills:
 + Level 5.4(10.4) Fighting
 + Level 2.7(10.2) Axes
 + Level 6.9(12.2) Maces & Flails
 + Level 6.4(11.4) Armour
 + Level 3.9(8.9) Dodging
 + Level 2.0(7.0) Stealth
 + Level 7.1(12.1) Shields


You had 8 spell levels left.
You didn't know any spells.
Your spell library was empty.

Dungeon Overview and Level Annotations

Branches:
Dungeon (8/15)             Temple (1/1) D:7
   Lair: D:8-11

Altars:
Ashenzari
Cheibriados
Dithmenos
Elyvilon
Fedhas
Hepliaklqana
Kikubaaqudgha
Makhleb
Nemelex Xobeh
Okawaru
Qazlal
Ru
Sif Muna
Trog
Uskayaw
Vehumet
Wu Jian
Xom
Yredelemnul
Zin
The Shining One
Beogh

Annotations:
D:5 nikopol's ghost, novice DEFE


Innate Abilities, Weirdness & Mutations

You have sharp fingernails.
You are mostly covered in icy blue scales. (AC +3)
You regenerate a little health from kills.
You sometimes gain a little power by taking damage.


Message History

You kill the orc priest!
Okawaru accepts your kill.
Nikopol's ghost whispers, "They're coming for you..."
You closely miss nikopol's ghost. Nikopol's ghost casts a spell at you.
The puff of flame misses you.
You closely miss nikopol's ghost.
Nikopol's ghost gestures at you while chanting.
The puff of flame hits you!
* * * LOW HITPOINT WARNING * * *
You sock nikopol's ghost!
Nikopol's ghost is lightly damaged.
You hit nikopol's ghost.
Nikopol's ghost is moderately damaged.
You block nikopol's ghost's attack.
You sock nikopol's ghost!
Nikopol's ghost is heavily damaged.
Nikopol's ghost hits you but does no damage.
You are electrocuted!
You die...

#.......##.. #######..... ####.#
#.# ########.# #########.....##.#
#.).......###.##.# #########
#)######..# #.##.# #.......#
#@######..###.##.# #.#####.#
#W##........#.#... #.#####.#
#o##.###..#.#.#... .....##.#
#.##.###..#....... #.##.##.##
#.........###.#... ..##.##..#
####o####.....##.#
####.###.##########.###########.#
#.##.....8.............8# #.#
####.##..#########''o####### ##'#


You could see nikopol's ghost and an orc.

Vanquished Creatures
  A hornet (D:8)
  Sigmund (D:3)
  A hungry ghost (D:8)
  2 soldier ants (D:8)
  Duvessa (D:7)
  2 sky beasts
  An orc warrior (D:5)
  An ice beast (D:7)
  A phantom (D:8)
  A black bear (D:7)
  5 ogres
  A big kobold (D:4)
  2 bullfrogs
  Dowan (D:7)
  12 killer bees
  3 howler monkeys (D:8)
  4 crimson imps (D:7)
  A quasit (D:5)
  3 bullfrog zombies
  A gnoll shaman (D:7)
  4 hounds
  5 orc priests
  2 jellies
  An orc wizard (D:3)
  6 worker ants
  A killer bee zombie (D:8)
  A hound skeleton (D:4)
  Robin (D:2)
  A howler monkey zombie (D:8)
  5 gnolls (D:7)
  11 adders
  A shadow imp (D:6)
  2 oozes
  3 worms
  A leopard gecko (D:6)
  20 orcs
  5 giant cockroaches
  7 goblins (D:2)
  9 hobgoblins
  6 jackals (D:3)
  6 kobolds
  4 quokkas
  6 bats
  3 frilled lizards
  A jackal skeleton (D:5)
  A leopard gecko skeleton (D:4)
  A leopard gecko zombie (D:7)
  A quokka skeleton (D:4)
  8 rats
168 creatures vanquished.

Notes
Turn   | Place    | Note
-------+----------+-------------------------------------------
     0 | D:1      | galech the Demonspawn Fighter began the quest for the Orb.
     0 | D:1      | Reached XP level 1. HP: 18/18 MP: 1/1
   633 | D:2      | Gained mutation: You are partially covered in icy blue
                  | scales. (AC +2) [demonic ancestry]
   633 | D:2      | Reached XP level 2. HP: 24/24 MP: 2/2
   713 | D:2      | Noticed Robin
   720 | D:2      | Killed Robin
   720 | D:2      | Gained mutation: You are mostly covered in icy blue scales.
                  | (AC +3) [demonic ancestry]
   720 | D:2      | Reached XP level 3. HP: 20/29 MP: 3/3
   930 | D:2      | Gained mutation: You regenerate a little health from kills.
                  | [demonic ancestry]
   930 | D:2      | Reached XP level 4. HP: 35/35 MP: 4/4
   998 | D:2      | Found a shattered altar of Ashenzari.
  1002 | D:2      | Saw a vision of the Swamp and the Spider Nest.
  1002 | D:2      | Noticed a wolf spider
  1002 | D:2      | Noticed a redback
  1002 | D:2      | Noticed a redback
  1002 | D:2      | Noticed a wolf spider
  1092 | D:2      | Reached skill level 3 in Shields
  1355 | D:3      | Reached skill level 1 in Maces & Flails
  1395 | D:3      | Reached XP level 5. HP: 41/41 MP: 5/5
  1465 | D:3      | Noticed Sigmund
  1519 | D:3      | Killed Sigmund
  1519 | D:3      | Gained mutation: You have sharp fingernails. [demonic
                  | ancestry]
  1519 | D:3      | Reached XP level 6. HP: 35/48 MP: 6/6
  2431 | D:4      | Reached skill level 1 in Dodging
  2431 | D:4      | Reached skill level 4 in Shields
  2438 | D:4      | Got a bloodstained flail
  2439 | D:4      | Identified the cursed +2 flail "Colithys" {crush, rF+} (You
                  | found it on level 4 of the Dungeon)
  2486 | D:4      | Reached XP level 7. HP: 13/54 MP: 7/7
  2720 | D:4      | Found a basalt altar of Yredelemnul.
  2772 | D:4      | Found a white marble altar of Elyvilon.
  3160 | D:4      | Found a hide-covered altar of Uskayaw.
  3160 | D:4      | Found a shimmering altar of Xom.
  3165 | D:4      | Found a shadowy altar of Dithmenos.
  3167 | D:4      | Found a glowing silver altar of Zin.
  3170 | D:4      | Found a stormy altar of Qazlal.
  3210 | D:5      | Entered Level 5 of the Dungeon
  3622 | D:5      | Reached skill level 1 in Stealth
  4014 | D:5      | Found a runed gate.
  4014 | D:5      | Found a runed gate.
  4015 | D:5      | Found a runed gate.
  4052 | D:5      | Noticed nikopol's ghost (novice DEFE)
  4057 | D:5      | Found a roughly hewn altar of Beogh.
  4374 | D:6      | Reached XP level 8. HP: 27/61 MP: 8/8
  4857 | D:6      | Reached skill level 5 in Shields
  5235 | D:7      | Reached skill level 5 in Armour
  5246 | D:7      | Reached skill level 5 in Maces & Flails
  5312 | D:7      | HP: 3/91 [poisoned by a killer bee]
  5532 | D:7      | Reached skill level 6 in Shields
  5618 | D:7      | Gained mutation: You sometimes gain a little power by
                  | taking damage. [demonic ancestry]
  5618 | D:7      | Reached XP level 9. HP: 62/67 MP: 9/9
  5632 | D:7      | Found a staircase to the Ecumenical Temple.
  5642 | Temple   | Entered the Ecumenical Temple
  5707 | Temple   | Became a worshipper of Warmaster Okawaru
  5834 | D:7      | Noticed Duvessa
  5835 | D:7      | Noticed Dowan
  5857 | D:7      | Killed Duvessa
  5857 | D:7      | Reached skill level 5 in Fighting
  5860 | D:7      | Killed Dowan
  6328 | D:8      | Paralysed by a hornet for 2 turns
  6688 | D:8      | Reached * piety under Okawaru
  6843 | D:8      | Found a snail-covered altar of Cheibriados.
  7357 | D:8      | Reached ** piety under Okawaru
  7357 | D:8      | Reached skill level 7 in Shields
  7770 | D:8      | Found a snail-covered altar of Cheibriados.
  8043 | D:5      | Mangled by nikopol's ghost

Vault maps used:
D:1:      arrival_zaba_pyramid, minivault_27
D:2:      grunt_ashenzari_visionary, uniq_robin
D:3:      first_ration, uniq_sigmund
D:4:      kennysheep_spiral_hall, kennysheep_ying_yang,
          chequers_temple_overflow_minitemple
D:5:      biasface_ghost_orc_armoury
D:7:      minmay_temple_entry_mist, uniq_duvessa
D:8:      nicolae_overflow_hidden_temple, basic_altar, hangedman_pestilent_swarm
Temple:   dshaligram_water_room_temple

Skill      XL: |  1  2  3  4  5  6  7  8  9 |
---------------+----------------------------+-----
Armour         | 3 4 5 6 |  6.4
Axes           | 2 |  2.7
Shields        | 3 4 6 7 |  7.1
Maces & Flails | 1 2 3 4 5 6 |  6.9
Dodging        | 1 2 3 |  3.9
Fighting       | 4 5 |  5.4
Stealth        | 1 2 |  2.0

Action                   |  1- 3 |  4- 6 |  7- 9 || total
-------------------------+-------+-------+-------++-------
Melee: War axe           |    57 |       |       ||    57
       Club              |    18 |   166 |   478 ||   662
Invok: Heroism           |       |       |     2 ||     2
  Use: Scroll            |       |     4 |     9 ||    13
       Potion            |       |       |     5 ||     5
 Stab: Sleeping          |       |       |     2 ||     2
  Eat: Chunk             |       |     5 |    15 ||    20
       Ration            |       |       |     2 ||     2
Armor: Scale mail        |    45 |    89 |   109 ||   243
       Skin              |       |       |     3 ||     3
       Ring mail         |       |       |    43 ||    43
       Leather armour    |       |       |     5 ||     5
Dodge: Dodged            |    22 |    49 |   150 ||   221
Block: Shield            |    44 |    92 |   317 ||   453

Table legend:
 A = Non-vault XP
 B = Vault XP
 C = Vault XP percentage of total XP
 D = Non-vault monster count
 E = Vault monster count
 F = Vault count percentage of total count
                 A         B        C        D         E       F
            +---------+---------+-------+---------+---------+-------
      Total |    4078 |    1307 |  24.3 |     146 |      22 |  13.1
            +---------+---------+-------+---------+---------+-------
        D:1 |      10 |       0 |   0.0 |       6 |       0 |   0.0
        D:2 |      92 |      32 |  25.8 |      20 |       9 |  31.0
        D:3 |     223 |     223 |  50.0 |      34 |       1 |   2.9
        D:4 |     320 |      49 |  13.3 |      16 |       2 |  11.1
        D:5 |     436 |     182 |  29.4 |      13 |       4 |  23.5
        D:6 |     369 |       0 |   0.0 |       9 |       0 |   0.0
        D:7 |    1301 |     214 |  14.1 |      27 |       2 |   6.9
        D:8 |    1324 |     607 |  31.4 |      20 |       4 |  16.7
     Temple |       3 |       0 |   0.0 |       1 |       0 |   0.0
            +---------+---------+-------+---------+---------+-------
